 Dungeon Crawl Stone Soup version 0.18.1-8-gdd0e5ea (webtiles) character file.

2928 Implojin the Fighter (level 9, -3/74 HPs)
             Began as a Mummy Monk on May 22, 2016.
             Slain by an orc warrior
             ... wielding a +0 hand axe
              (17 damage)
             ... on level 7 of the Dungeon.
             The game lasted 00:34:19 (17637 turns).

Implojin the Fighter (Mummy Monk)                  Turns: 17637, Time: 00:34:19

Health: -3/74      AC:  3    Str: 14    XL:     9   Next: 50%
Magic:  9/9        EV: 17    Int:  9    God:
Gold:   291        SH:  0    Dex: 18    Spells: 0 memorised, 8 levels left

rFire  x . .     SeeInvis .       - Unarmed
rCold  + . .     Gourm    .     (no armour)
rNeg   + + +     Faith    .     (no shield)
rPois  ∞         Spirit   .     j - +2 helmet
rElec  .         Dismiss  .     (no cloak)
rCorr  .         Reflect  .     (no gloves)
SustAt .         Harm     .     (no boots)
MR     +....                    (no amulet)
Stlth  ++........               (no ring)
                                (no ring)

@: somewhat resistant to hostile enchantments, unstealthy
A: no food or potions, fire vulnerability, cold resistance 1, negative energy
resistance 3, torment resistance, unbreathing
a: no special abilities


You were on level 7 of the Dungeon.
You were not hungry.

You visited 1 branch of the dungeon, and saw 7 of its levels.

You collected 291 gold pieces.

Inventory:

Armour
 j - a +2 helmet (worn)
Jewellery
 b - a +4 ring of slaying
 d - an uncursed ring of teleportation
 m - an uncursed ring of loudness
 o - an uncursed ring of protection from magic {unknown}
Wands
 c - a wand of iceblast (3/15)
 k - a wand of digging (10/24)
 n - a wand of slowing (13/48)
Scrolls
 a - a scroll of blinking
 e - a scroll of recharging
 f - a scroll of teleportation
 g - a scroll of random uselessness
 i - 2 scrolls of enchant armour
 l - a scroll of magic mapping {unknown}
 p - a scroll of remove curse
Comestibles
 h - 5 bread rations


   Skills:
 * Level 8.2 Fighting
 - Level 7.0 Dodging
 - Level 1.5 Stealth
 - Level 7.1 Unarmed Combat


You had 8 spell levels left.
You didn't know any spells.

Dungeon Overview and Level Annotations

Branches:
Dungeon (7/15)             Temple (0/1) D:4

Altars:
Cheibriados
Gozag
Kikubaaqudgha
Makhleb
Nemelex Xobeh
Pakellas
Qazlal
Ru
Trog

Annotations:
D:1 Edmund
D:2 phantom stairparked
D:5 4 exclusions, Sigmund; robotcentaur's ghost, novice GrMo
D:6 black bear parked


Innate Abilities, Weirdness & Mutations

You do not eat or drink.
Your flesh is vulnerable to fire.
You are immune to poison.
Your flesh is cold resistant.
You are immune to negative energy.
You are immune to unholy pain and torment.
You can survive without breathing.


Message History

You hit the orc warrior.
The orc warrior is lightly wounded.
The orc warrior misses you.
You hit the orc warrior. You punch the orc warrior.
The orc warrior is moderately wounded.
You barely miss the orc warrior.
The orc warrior is moderately wounded.
The orc warrior completely misses you.
You completely miss the orc warrior.
The orc warrior is moderately wounded.
The orc warrior closely misses you.
You punch the orc warrior!
The orc warrior is heavily wounded.
The orc warrior barely misses you.
You punch the orc warrior!
The orc warrior is almost dead.
The orc warrior completely misses you.
You barely miss the orc warrior.
The orc warrior is almost dead.
You barely miss the orc warrior.
The orc warrior is almost dead.
The orc warrior hits you with a hand axe!
* * * LOW HITPOINT WARNING * * *
You hit the orc warrior but do no damage.
The orc warrior is almost dead.
The orc warrior hits you with a hand axe.
* * * LOW HITPOINT WARNING * * *
You closely miss the orc warrior.
The orc warrior is almost dead.
The orc warrior hits you with a hand axe.
* * * LOW HITPOINT WARNING * * *
You hit the orc warrior.
The orc warrior is almost dead.
You barely miss the orc warrior.
The orc warrior is almost dead.
The orc warrior closely misses you.
You closely miss the orc warrior.
The orc warrior is almost dead.
The orc warrior hits you with a hand axe!
You die...

#...##.o.........##
#..................
#...##o.###########
######..# #..# ###..#
#....# #######o##.#
#....@oo...#########
#####.#..#####.........###
#.........# ###...........
#.###.###.# #..........%..
#.# #.# #.###..........#.#
#.###'###................#
#...'_'..................>
#.#######...........†....#
#.# ### #............<..##


You could see an orc warrior and 2 orcs.

Vanquished Creatures
  Pikel (D:3)
  A centaur skeleton (D:6)
  Menkaure (D:5)
  4 slaves
  3 ice beasts
  A phantom (D:2)
  A giant frog (D:7)
  3 scorpions
  The ghost of Hiddenleafguy the Grave Robber, a weakling CeNe (D:4)
  2 crimson imps
  2 howler monkeys
  A centaur zombie (D:7)
  A jelly (D:5)
  9 orc priests
  3 hounds
  A giant frog skeleton (D:4)
  9 orc wizards
  4 iguanas
  2 worker ants
  A hound skeleton (D:4)
  A mummy (D:7)
  15 adders
  A howler monkey skeleton (D:4)
  5 gnolls
  2 shadow imps (D:6)
  2 oozes
  2 adder skeletons
  5 worms
  2 dart slugs
  3 giant geckos
  50 orcs
  A ball python (D:5)
  9 bats
  2 giant cockroaches
  9 goblins
  9 hobgoblins
  15 jackals
  6 quokkas
  10 giant newts
  15 kobolds
  12 rats
227 creatures vanquished.

Notes
Turn   | Place    | Note
--------------------------------------------------------------
     0 | D:1      | Implojin the Mummy Monk began the quest for the Orb.
     0 | D:1      | Reached XP level 1. HP: 18/18 MP: 1/1
   606 | D:1      | Reached XP level 2. HP: 24/24 MP: 2/2
  1416 | D:1      | Reached skill level 4 in Unarmed Combat
  1813 | D:2      | Found an opulent altar of Gozag.
  1824 | D:2      | Reached XP level 3. HP: 29/29 MP: 3/3
  1829 | D:2      | Found an ancient bone altar of Kikubaaqudgha.
  2857 | D:2      | Reached XP level 4. HP: 30/35 MP: 4/4
  4452 | D:2      | Reached skill level 5 in Unarmed Combat
  4674 | D:3      | Found a burning altar of Makhleb.
  4674 | D:3      | Noticed an Executioner
  4677 | D:3      | Noticed a ynoxinul
  4677 | D:3      | Noticed a smoke demon
  4693 | D:3      | Found a stormy altar of Qazlal.
  5080 | D:3      | Reached XP level 5. HP: 41/41 MP: 5/5
  5723 | D:4      | Noticed Hiddenleafguy's ghost (weakling CeNe)
  5877 | D:4      | Found a staircase to the Ecumenical Temple.
  5878 | D:4      | Noticed a phantom
  7475 | D:4      | Killed Hiddenleafguy's ghost
  7475 | D:4      | Reached skill level 6 in Unarmed Combat
  7475 | D:4      | Reached XP level 6. HP: 29/47 MP: 6/6
  8038 | D:4      | Noticed a slave
  8043 | D:4      | Noticed Pikel
  8043 | D:4      | Noticed a slave
  8044 | D:4      | Noticed a slave
  8124 | D:4      | Reached skill level 7 in Unarmed Combat
  8221 | D:3      | Reached XP level 7. HP: 33/52 MP: 7/7
  9121 | D:3      | Killed Pikel
  9121 | D:3      | Reached skill level 6 in Fighting
  9367 | D:4      | Reached XP level 8. HP: 49/64 MP: 8/8
  9666 | D:5      | Entered Level 5 of the Dungeon
  9773 | D:5      | Noticed robotcentaur's ghost (novice GrMo)
 10049 | D:5      | Noticed Menkaure
 10069 | D:5      | Killed Menkaure
 10069 | D:5      | Reached skill level 7 in Fighting
 10561 | D:5      | Reached skill level 3 in Dodging
 10586 | D:5      | Noticed Edmund
 12391 | D:4      | Reached skill level 4 in Dodging
 12585 | D:5      | Found a sacrificial altar of Ru.
 13909 | D:5      | Found an oddly glowing altar of Pakellas.
 13920 | D:5      | Noticed Sigmund
 14395 | D:5      | Reached skill level 5 in Dodging
 15374 | D:5      | Reached XP level 9. HP: 53/72 MP: 9/9
 15678 | D:6      | Found a sparkling altar of Nemelex Xobeh.
 15746 | D:6      | Reached skill level 6 in Dodging
 16032 | D:6      | Reached skill level 7 in Dodging
 17121 | D:7      | Found a sparkling altar of Nemelex Xobeh.
 17160 | D:7      | Reached skill level 8 in Fighting
 17431 | D:7      | Found a snail-covered altar of Cheibriados.
 17563 | D:7      | Found a bloodstained altar of Trog.
 17637 | D:7      | Slain by an orc warrior

Skill      XL: |  1  2  3  4  5  6  7  8  9 |
---------------+----------------------------+-----
Unarmed Combat | 4 5 6 7 |  7.1
Fighting       | 6 7 8 |  8.2
Dodging        | 5 7 |  7.0
Stealth        | |  1.5

Action                   |  1- 3 |  4- 6 |  7- 9 || total
-------------------------+-------+-------+-------++-------
Melee: Unarmed           |   152 |   336 |   738 ||  1226
       Punch             |     1 |     5 |    40 ||    46
  Use: Scroll            |       |     6 |     6 ||    12
 Stab: Sleeping          |     4 |     3 |     3 ||    10
Armor: Skin              |    17 |    42 |    57 ||   116
Dodge: Dodged            |   102 |   179 |   436 ||   717

Table legend:
 A = Turns spent in this place as a percentage of turns spent in the entire game.
 B = Non-inter-level travel turns spent in this place as a percentage of non-inter-level travel turns spent in the entire game.
 C = Inter-level travel turns spent in this place as a percentage of turns spent in this place.
 D = Turns resting spent in this place as a percentage of non-inter-level travel turns spent in this place.
 E = Turns spent auto-exploring this place as a percentage of non-inter-level travel turns spent in this place.
 F = Non-inter-level travel turns spent in this place divided by the number of levels of this place that you've seen.
                   A       B       C       D       E      F
               +-------+-------+-------+-------+-------+----------------------
         Total | 100.0 | 100.0 |   0.4 |   4.8 |   3.2 | 748.6
       Dungeon | 100.0 | 100.0 |   0.4 |   4.8 |   3.2 | 748.6
               +-------+-------+-------+-------+-------+----------------------

Table legend:
 A = Kills in this place as a percentage of kills in entire the game.
 B = Kills by you in this place as a percentage of kills by you in the entire game.
 C = Kills by friends in this place as a percentage of kills by friends in the entire game.
 D = Other kills in this place as a percentage of other kills in the entire game.
 E = Experience gained in this place as a percentage of experience gained in the entire game.
 F = Experience gained in this place divided by the number of levels of this place that you have seen.
                   A       B       C       D       E      F
               +-------+-------+-------+-------+-------+----------------------
         Total | 100.0 | 100.0 |  -nan |  -nan | 100.0 | 597.7
       Dungeon | 100.0 | 100.0 |  -nan |  -nan | 100.0 | 597.7
               +-------+-------+-------+-------+-------+----------------------
